 Dungeon Crawl Stone Soup version 0.31.0-11-ge490571c62 (webtiles) character file.

Game seed: 14794045543300736036

86 browni3141 the Slasher (level 4, 0/38 HPs)
             Began as a Barachi Monk on Feb 1, 2024.
             Was a Believer of Kikubaaqudgha.
             Slain by a sky beast (3 damage)
             ... on level 4 of the Dungeon.
             The game lasted 00:05:32 (651 turns).

browni3141 the Slasher (Barachi Monk)                Turns: 651, Time: 00:05:32

Health: 0/38       AC:  4    Str: 13    XL:     4   Next: 50%
Magic:  4/4        EV: 13    Int: 12    God:    Kikubaaqudgha [**....]
Gold:   62         SH:  0    Dex: 14    Spells: 3/3 levels left

rFire   . . .        a - +0 falchion
rCold   . . .        d - orb {light}
rNeg    . . .        g - +0 leather armour
rPois   .            (no helmet)
rElec   .            (no cloak)
rCorr   .            (no gloves)
SInv    .            m - +0 pair of boots
Will    .....        (no amulet)
Stlth   +            (no ring)
HPRegen 0.26/turn    (no ring)
MPRegen 0.09/turn

%: no passive effects
@: mighty, unable to hop, glowing, slow
A: amphibious, slowness 1, strong legs 1, +LOS
a: Hop, Renounce Religion, Unearth Wretches


You were on level 4 of the Dungeon.
You worshipped Kikubaaqudgha.
Kikubaaqudgha was pleased with you.
You visited 2 branches of the dungeon, and saw 5 of its levels.

You collected 62 gold pieces.

Inventory:

Hand Weapons
 a - a +0 falchion (weapon)
 b - a +0 sling
Missiles
 t - a poisoned dart (quivered)
Armour
 d - an orb of light (worn)
 g - a +0 leather armour (worn)
 j - a +0 robe
 m - a +0 pair of boots (worn)
Magical Staves
 s - a staff of air
Wands
 r - a wand of digging (4)
Scrolls
 e - 2 scrolls of revelation {unknown}
 h - 2 scrolls of identify {unknown}
 k - 3 scrolls of teleportation
 n - a scroll of enchant armour {unknown}
 o - a scroll of silence {unknown}
 q - a scroll of fog {unknown}
Potions
 i - a potion of magic {unknown}
 l - a potion of lignification {unknown}
 p - a potion of curing {unknown}


   Skills:
 - Level 4.5 Fighting
 - Level 4.7 Long Blades
 - Level 4.1 Dodging
 + Level 0.0 Spellcasting
 * Level 0.0 Necromancy


You had 3 spell levels left.
You didn't know any spells.
Your spell library contained the following spells:

 Spells                   Type           Power      Damage    Failure   Level
 Kiss of Death            Conj/Necr      0%         2d5       38%         1
 Sublimation of Blood     Necr           0%         N/A       54%         2
 Vampiric Draining        Necr           0%         2d6       77%         3
 Animate Dead             Necr           0%         N/A       99%         4


Dungeon Overview and Level Annotations

Branches:
Dungeon (4/15)             Temple (1/1) D:4

Altars:
Ashenzari
Dithmenos
Fedhas
Gozag
Kikubaaqudgha
Nemelex Xobeh
Okawaru
Qazlal
Ru
Sif Muna
Trog
Vehumet
Wu Jian
Xom
Yredelemnul
Zin
The Shining One


Innate Abilities, Weirdness & Mutations

You are amphibious.
You cover ground slowly.
You can hop short distances.
You have an extended range of vision and can be seen from far away.


Message History

Okay, then.
There is a staircase back to the Dungeon here.
You climb upwards.
Welcome back to the Dungeon!
There is a staircase to the Ecumenical Temple here.
You see here a scroll labelled COISUG VIACRUN.
o - a scroll labelled COISUG VIACRUN You see here a fuming sapphire potion.
p - a fuming sapphire potion
As you read the scroll labelled SOOSHO IRGHUMAWN, it crumbles to dust.
You feel strangely unstable.
It was a scroll of teleportation.
Your surroundings suddenly seem different.
You see here a scroll labelled ZEALLAPL XUSSINIT.
q - a scroll labelled ZEALLAPL XUSSINIT You see here a wand of digging (4).
r - a wand of digging (4)
You open the door.
There is an open door here.
As you open the large door, it creaks loudly!
You hear a shout!
What are your orders? t - Croak!
Orders for allies: a - Attack new target. r - Retreat! s - Stop attacking. g - Guard the area. f - Follow me.
Anything else - Cancel.
You croak for attention!
What are your orders? t - Croak!
Orders for allies: a - Attack new target. r - Retreat! s - Stop attacking. g - Guard the area. f - Follow me.
Anything else - Cancel.
You croak for attention!
What are your orders? t - Croak!
Orders for allies: a - Attack new target. r - Retreat! s - Stop attacking. g - Guard the area. f - Follow me.
Anything else - Cancel.
You croak for attention!
There is an open door here.
You see here a staff of air.
s - a staff of air A sky beast comes into view.
You see here 4 poisoned darts.
t - 4 poisoned darts Throw: 4 darts (poison)
Press: ? - help, Q - select action, (/) - cycle Shift-Dir - straight line, f - sky beast
Aim: a sky beast (haloed, 65% to hit)
You throw a poisoned dart.
The poisoned dart barely misses the sky beast.
You closely miss the sky beast.
The sky beast flickers out of sight for a moment.
The sky beast hits you but does no damage.
You barely miss the sky beast.
The sky beast hits you but does no damage.
You closely miss the sky beast. The sky beast barely misses you.
You hit the sky beast but do no damage. The sky beast hits you.
The sky beast shocks you.
You hit the sky beast but do no damage. The sky beast hits you.
The sky beast shocks you.
You hit the sky beast.
The sky beast is lightly wounded.
The sky beast hits you but does no damage.
You hit the sky beast.
The sky beast is lightly wounded.
The sky beast closely misses you.
You hit the sky beast but do no damage.
The sky beast is lightly wounded.
The sky beast hits you. The sky beast shocks you.
You hit the sky beast.
The sky beast is moderately wounded.
The sky beast closely misses you.
You hit the sky beast but do no damage.
The sky beast is moderately wounded.
The sky beast hits you. The sky beast shocks you.
The sky beast hits you but does no damage.
Hop to where?
Press: ? - help, Dir - move target, p - sky beast Boing!
Throw: 3 darts (poison)
Press: ? - help, Q - select action, (/) - cycle Shift-Dir - straight line, f - sky beast
Aim: a sky beast (moderately wounded, slightly transparent, haloed, 65% to hit)
You throw a poisoned dart. The poisoned dart hits the sky beast.
The sky beast is poisoned.
The sky beast is moderately wounded.
Throw: 2 darts (poison)
Press: ? - help, Q - select action, (/) - cycle Shift-Dir - straight line, f/p - sky beast
Aim: a sky beast (moderately wounded, slightly transparent, poisoned, haloed, 65% to hit)
You throw a poisoned dart. The poisoned dart hits the sky beast.
The sky beast looks even sicker.
The sky beast is moderately wounded.
You barely miss the sky beast.
The sky beast is moderately wounded.
The sky beast hits you. The sky beast shocks you.
It was a potion of might.
You feel very mighty all of a sudden. The sky beast hits you.
You die...
Kikubaaqudgha rasps: "You have failed me!
Welcome... death!"

######## #..((Y.#
#.####@#######
#####.####.#%....#########
#........#.#.............#
#...Y..(.##.#.#....8####8...#
#.##.##............'....+ . #
#.###........8#..#8...# #.
######.####''# .# .. #.# #..#
... #.# #..#


You could see a sky beast (invisible, very poisoned).

Vanquished Creatures
  2 gnolls
  3 adders
  2 ribbon worms (D:3)
  3 orcs (D:3)
  3 endoplasms
  2 giant cockroaches
  3 goblins
  A hobgoblin (D:3)
  4 jackals
  A quokka (D:3)
  A ball python (D:3)
  2 bats
  2 kobolds
  3 rats
32 creatures vanquished.

Notes
Turn   | Place    | Note
-------+----------+-------------------------------------------
     0 | D:1      | browni3141 the Barachi Monk began the quest for the Orb.
     0 | D:1      | Reached XP level 1. HP: 18/18 MP: 1/1
    77 | D:1      | Found a faded altar of an unknown god.
    81 | D:1      | Reached XP level 2. HP: 25/25 MP: 2/2
   222 | D:2      | You fall into a shaft and drop 1 floor!
   229 | D:3      | Reached XP level 3. HP: 30/30 MP: 3/3
   369 | D:3      | Reached XP level 4. HP: 28/38 MP: 4/4
   509 | D:4      | Found a shimmering blue altar of Sif Muna.
   510 | D:4      | Found a basalt altar of Yredelemnul.
   510 | D:4      | Found a stormy altar of Qazlal.
   511 | D:4      | Found a bloodstained altar of Trog.
   511 | D:4      | Found an opulent altar of Gozag.
   521 | D:4      | Found a staircase to the Ecumenical Temple.
   532 | Temple   | Entered the Ecumenical Temple
   541 | Temple   | Became a worshipper of Kikubaaqudgha
   541 | Temple   | Reached * piety under Kikubaaqudgha
   541 | Temple   | Received a gift from Kikubaaqudgha
   541 | Temple   | Reached ** piety under Kikubaaqudgha
   629 | D:4      | Noticed a sky beast
   651 | D:4      | Slain by a sky beast

Illustrated notes

Levels and vault maps discovered:
D:1:      psy_arrival_statuary, layout_loops_ring,
          shapermc_ecumenical_altar_totnotflames
D:2:      layout_basic, hangedman_decor_growths
D:3:      lemuel_castle_with_subvaults [lemuel_castle_interior_carwin_2],
          layout_loops_cross
D:4:      layout_loops_cross, grunt_temple_overflow_open, jmf_multi_god_temple2,
          minmay_temple_entry_statues_pillars, hangedman_decor_lopped,
          uniq_eustachio
Temple:   nicolae_temple_bog_church

Skill      XL: |  1  2  3 |
---------------+----------+-----
Fighting       | 4 |  4.5
Long Blades    | 4 |  4.7
Dodging        | 4 |  4.1

Action                     |  1- 3 |  4- 6 || total
---------------------------+-------+-------++-------
  Melee: Falchion          |    76 |    40 ||   116
  Throw: Dart              |       |     3 ||     3
Ability: Hop               |     2 |     1 ||     3
    Use: Potion            |     1 |     1 ||     2
         Scroll            |       |     1 ||     1
 Armour: Leather armour    |    34 |    25 ||    59
  Dodge: Dodged            |    52 |    21 ||    73
